 Dungeon Crawl Stone Soup version 0.16.1-2-g95b8d4c (webtiles) character file.

509 Ololoev the Cutter (level 7, -14/32 HPs)
             Began as a Vine Stalker Artificer on Mar 24, 2015.
             Was a Follower of Nemelex Xobeh.
             Demolished by an ogre
             ... wielding a +0 giant spiked club
              (25 damage)
             ... on level 4 of the Dungeon.
             The game lasted 00:14:33 (3821 turns).

Ololoev the Cutter (Vine Stalker Artificer)         Turns: 3821, Time: 00:14:36

Health: -14/32     AC:  4    Str: 14    XL:     7   Next: 19%
Magic:  0/14       EV: 11    Int: 14    God:    Nemelex Xobeh [*.....]
Gold:   160        SH:  0    Dex: 14    Spells: 0 memorised, 6 levels left

rFire  . . .     SeeInvis .     a - +1 short sword (curse)
rCold  + . .     Clarity  .     i - +2 ring mail {rC+} (curse)
rNeg   . . .     SustAb   .     (no shield)
rPois  .         Gourm    .     (no helmet)
rElec  .         Spirit   +     (no cloak)
rCorr  .         Warding  .     (no gloves)
rMut   .         Stasis   .     (no boots)
MR     .....                    (no amulet)
Stlth  +.........               (no ring)
                                (no ring)

@: not resistant to hostile enchantments, very unstealthy
A: fangs 2, clever 1, deformed body, regeneration 2, weak 1, magic shield,
antimagic bite, no device heal 3, rot immunity
a: Renounce Religion


You were on level 4 of the Dungeon.
You worshipped Nemelex Xobeh.
Nemelex Xobeh was aware of your devotion.
You were not hungry.

You visited 1 branch of the dungeon, and saw 4 of its levels.
You also visited: Ossuary.

You collected 160 gold pieces.

Notes
Turn   | Place    | Note
--------------------------------------------------------------
     0 | D:1      | Ololoev, the Vine Stalker Artificer, began the quest for the Orb.
     0 | D:1      | Reached XP level 1. HP: 9/9 MP: 1/1
     8 | D:1      | Reached skill level 1 in Short Blades
   204 | D:1      | Reached XP level 2. HP: 4/14 MP: 3/3
   638 | D:1      | Reached skill level 3 in Evocations
   844 | D:2      | Reached XP level 3. HP: 17/17 MP: 5/5
  1101 | D:2      | Found an opulent altar of Gozag.
  1310 | D:2      | Reached XP level 4. HP: 19/21 MP: 5/7
  1692 | D:3      | Found a sparkling altar of Nemelex Xobeh.
  1696 | D:3      | Became a worshipper of Nemelex Xobeh the Trickster
  1744 | D:3      | Received a gift from Nemelex Xobeh
  1773 | D:3      | Found a deep blue altar of Sif Muna.
  1797 | D:3      | Found a sparkling altar of Nemelex Xobeh.
  1799 | D:3      | Found a stormy altar of Qazlal.
  1802 | D:3      | Found a snail-covered altar of Cheibriados.
  1891 | D:3      | Noticed a giant frog
  1892 | D:3      | Noticed an insubstantial wisp
  1896 | D:3      | Killed a giant frog
  1896 | D:3      | Reached XP level 5. HP: 25/25 MP: 10/10
  1900 | D:3      | Killed an insubstantial wisp
  2456 | D:4      | Reached skill level 4 in Evocations
  2717 | D:4      | Gained mutation: You heal very quickly. [vine stalker growth]
  2717 | D:4      | Reached XP level 6. HP: 12/29 MP: 10/12
  2749 | D:4      | Found a sacrificial altar of Ru.
  2841 | D:4      | Found a staircase to the Ecumenical Temple.
  2939 | D:4      | Found a sand-covered staircase.
  2991 | Ossuary  | Entered an ossuary
  3467 | Ossuary  | Reached skill level 5 in Short Blades
  3583 | Ossuary  | Reached XP level 7. HP: 29/32 MP: 12/14
  3627 | Ossuary  | Gained mutation: Your mind is acute. (Int +2) [potion of mutation]
  3627 | Ossuary  | Gained mutation: Armour fits poorly on your strangely shaped body. [potion of mutation]
  3627 | Ossuary  | Gained mutation: You are weak. (Str -2) [potion of mutation]
  3672 | D:4      | Reached skill level 5 in Evocations
  3811 | D:4      | Noticed an ogre
  3821 | D:4      | Demolished by an ogre

Inventory:

Hand weapons
 a - a cursed +1 short sword (weapon)
Armour
 i - a cursed +2 ring mail of cold resistance (worn)
Magical devices
 c - a wand of enslavement (14)
 d - a wand of random effects (15)
 q - a wand of flame (15)
Scrolls
 b - a scroll of identify
 h - 4 scrolls of teleportation
 j - a scroll of blinking
 o - 2 scrolls of remove curse
 p - a scroll of fear
 r - a scroll of fog
Potions
 g - 2 potions of restore abilities
 l - a potion of haste
 m - 2 potions of curing
 n - a potion of agility
 t - a potion of cancellation
Miscellaneous
 e - a plain deck of war {drawn: 6}
Comestibles
 f - 6 bread rations

Table legend:
 A = Turns spent in this place as a percentage of turns spent in the entire game.
 B = Non-inter-level travel turns spent in this place as a percentage of non-inter-level travel turns spent in the entire game.
 C = Inter-level travel turns spent in this place as a percentage of turns spent in this place.
 D = Turns resting spent in this place as a percentage of non-inter-level travel turns spent in this place.
 E = Turns spent auto-exploring this place as a percentage of non-inter-level travel turns spent in this place.
 F = Non-inter-level travel turns spent in this place divided by the number of levels of this place that you've seen.
                   A       B       C       D       E      F
               +-------+-------+-------+-------+-------+----------------------
         Total | 100.0 | 100.0 |   0.2 |   2.2 |   6.2 | 447.8
       Dungeon |  78.5 |  78.4 |   0.2 |   1.7 |   7.3 | 439.0
       Ossuary |  21.5 |  21.6 |   0.0 |   4.3 |   1.9 | 483.0
               +-------+-------+-------+-------+-------+----------------------


   Skills:
 - Level 0.8 Fighting
 * Level 5.4 Short Blades
 - Level 1.5 Dodging
 - Level 1.2 Stealth
 + Level 5.0 Evocations


You had 6 spell levels left.
You didn't know any spells.

Dungeon Overview and Level Annotations

Branches:
Dungeon (4/15)             Temple (0/1) D:4

Altars:
Cheibriados
Gozag
Nemelex Xobeh
Qazlal
Ru
Sif Muna


Innate Abilities, Weirdness & Mutations

You have extremely sharp teeth.
You heal very quickly.
When hurt, damage is shared between your health and your magic reserves.
Your bite disrupts and absorbs the magic of your enemies.
Potions and wands cannot restore your health.
You are immune to rotting.
Your mind is acute. (Int +2)
Armour fits poorly on your strangely shaped body.
You are weak. (Str -2)


Message History

An ogre is nearby!
An ogre is nearby!
An ogre is nearby!
Evoke which item? (* to show all) (? for menu, Esc to quit)
You draw a card...
It is the Elixir.
You hit the ogre.
The ogre is lightly wounded.
The ogre barely misses you.
You hit the ogre.
The ogre is moderately wounded.
Your ring mail prevents you from hitting the ogre.
Your bite misses the ogre.
The ogre is moderately wounded.
The ogre closely misses you.
You barely miss the ogre.
The ogre is moderately wounded.
You hit the ogre but do no damage.
The ogre is moderately wounded.
The ogre barely misses you.
You hit the ogre.
The ogre is heavily wounded.
The ogre misses you.
You hit the ogre.
The ogre is severely wounded.
You hit the ogre but do no damage.
The ogre is severely wounded.
The ogre hits you with a giant spiked club!!
Ouch! That really hurt!
You are too injured to fight recklessly!
You are too injured to fight recklessly!
You are too injured to fight recklessly!
Evoke which item? (* to show all) (? for menu, Esc to quit)
You draw a card...
It is Water.
Splash!
You fall into the shallow water.
Moving in this stuff is going to be slow.
The ogre hits you with a giant spiked club!!
Ouch! That really hurt!
You die...
Your body disappears without a glow.

#.#..# #####.## #.#.÷#
#......#
<.#..#########.###..#
##...........# ###..#
#...#.......# #....#
#...#.......#.#.#..###
#...........#.#E.....#
##).##.......#.≈≈O..#.#
.............###@####.#
.##.##.......# #≈≈..#.#
.##.##.#########.##.#.#
....##.# #.......#.#.#
.#####.####.####......#
.........)....###.#.###
........#..#.........##
..##.[).#..#......##..#
.(.>(##.#..#..#.....#.##


You could see an ogre and a friendly water elemental.

Table legend:
 A = Kills in this place as a percentage of kills in entire the game.
 B = Kills by you in this place as a percentage of kills by you in the entire game.
 C = Kills by friends in this place as a percentage of kills by friends in the entire game.
 D = Other kills in this place as a percentage of other kills in the entire game.
 E = Experience gained in this place as a percentage of experience gained in the entire game.
 F = Experience gained in this place divided by the number of levels of this place that you have seen.
                   A       B       C       D       E      F
               +-------+-------+-------+-------+-------+----------------------
         Total | 100.0 | 100.0 | 100.0 |  -nan | 100.0 | 145.6
       Dungeon |  73.9 |  72.5 | 100.0 |  -nan |  68.0 | 123.8
       Ossuary |  26.1 |  27.5 |   0.0 |  -nan |  32.0 | 233.0
               +-------+-------+-------+-------+-------+----------------------

Vanquished Creatures
  2 hounds (D:4)
  An orc wizard (D:4)
  2 worker ants (D:4)
  13 mummies
  4 adders
  3 worms
  3 giant geckos
  2 oozes (D:3)
  3 orcs
  8 bats
  2 giant cockroaches
  6 goblins
  10 hobgoblins
  2 quokkas
  7 giant newts
  3 goblin skeletons (Ossuary)
  2 jackals (D:2)
  15 kobolds
  3 kobold skeletons (Ossuary)
  An orc skeleton (Ossuary)
  6 rats
  11 rat skeletons (Ossuary)
109 creatures vanquished.

Vanquished Creatures (collateral kills)
  An insubstantial wisp (D:3)
  A giant frog (D:3)
  An orc priest (D:4)
  A worker ant (D:4)
  2 orcs (D:4)
  A kobold (D:1)
7 creatures vanquished.

Vanquished Creatures (others)
  A hobgoblin (D:1)
  An orc skeleton (Ossuary)
2 creatures vanquished.

Grand Total: 118 creatures vanquished

Action                   |  1- 3 |  4- 6 |  7- 9 || total
-------------------------+-------+-------+-------++-------
Melee: Short sword       |   157 |   320 |    51 ||   528
Evoke: Wand              |     2 |    18 |     2 ||    22
       Deck              |       |     4 |     2 ||     6
  Use: Scroll            |     7 |    11 |     1 ||    19
       Potion            |     2 |     1 |     2 ||     5
 Stab: Invisible         |       |     1 |       ||     1
       Paralysed         |       |     1 |       ||     1
  Eat: Chunk             |     1 |     6 |       ||     7
       Pizza             |       |     1 |       ||     1
       Meat ration       |       |       |     1 ||     1

Vault maps used:
D:1:      scummos_arrival_hexagon, serial_forest, infiniplex_forest_straight_4,
          infiniplex_forest_clump_double, infiniplex_forest_clump_double,
          infiniplex_forest_lined_3, infiniplex_forest_clump_double,
          infiniplex_forest_straight_5, infiniplex_forest_lined_3_way,
          due_unseen_surprise
D:2:      first_bread, grunt_gozag_statues
D:3:      minitemple, nemelex_dance_club_becter
D:4:      minmay_temple_entry_fiery, gup_ossuary_entry_pyramid,
          hangedman_abyss_or_decor_stagger, nicolae_ru_great_annihilating_truth
Ossuary:  ossuary_due_small_catacomb
